 Dungeon Crawl Stone Soup version 0.21.1-1-g345015fe64 (webtiles) character file.

356 Rrauwl the Charlatan (level 6, -5/47 HPs)
             Began as a Gnoll Artificer on Feb 6, 2018.
             Slain by Faustar's ghost (14 damage)
             ... on level 4 of the Dungeon.
             The game lasted 00:11:18 (2070 turns).

Rrauwl the Charlatan (Gnoll Artificer)              Turns: 2070, Time: 00:11:19

Health: -5/47      AC:  6    Str: 14 (15) XL:     6   Next: 63%
Magic:  11/11      EV: 14    Int: 15      God:
Gold:   126        SH:  0    Dex: 15      Spells: 9/9 levels left

rFire    + . .     SeeInvis .   a - +1 short sword (venom)
rCold    . . .     Gourm    .   (no shield)
rNeg     . . .     Faith    .   k - +1 ring mail
rPois    .         Spirit   .   (no helmet)
rElec    .         Reflect  .   (no cloak)
rCorr    .         Harm     .   (no gloves)
MR       .....                  (no boots)
Stlth    ++........             (no amulet)
HPRegen  0.15/turn              n - ring of protection from fire
MPRegen  0.12/turn              r - +1 ring of evasion

@: no status effects
A: distributed training, fangs 1, strong nose
a: no special abilities


You were on level 4 of the Dungeon.
You were not hungry.

You visited 1 branch of the dungeon, and saw 4 of its levels.

You collected 126 gold pieces.

Inventory:

Hand Weapons
 a - a +1 short sword of venom (weapon)
Armour
 k - a +1 ring mail (worn)
Jewellery
 g - an uncursed ring of ice
 n - a ring of protection from fire (left hand)
 r - a +1 ring of evasion (right hand)
Wands
 c - a wand of flame (8)
 d - a wand of enslavement (13)
 e - a wand of random effects (13)
Scrolls
 l - 2 scrolls of teleportation
 m - a scroll of amnesia
 o - a scroll of enchant weapon
 p - a scroll of remove curse
Potions
 b - a potion of cancellation
Comestibles
 f - 5 rations


   Skills:
 + Level 3.3 Fighting
 + Level 3.3 Short Blades
 + Level 2.0 Long Blades
 + Level 2.0 Axes
 + Level 2.0 Maces & Flails
 + Level 2.0 Polearms
 + Level 2.0 Staves
 + Level 2.0 Slings
 + Level 2.0 Bows
 + Level 2.0 Crossbows
 + Level 2.0 Throwing
 + Level 2.0 Armour
 + Level 5.0 Dodging
 + Level 3.1 Stealth
 + Level 2.0 Shields
 + Level 2.0 Unarmed Combat
 + Level 2.0 Spellcasting
 + Level 1.6 Conjurations
 + Level 1.6 Hexes
 + Level 1.6 Charms
 + Level 1.6 Summonings
 + Level 1.6 Necromancy
 + Level 1.6 Translocations
 + Level 1.6 Transmutations
 + Level 1.6 Fire Magic
 + Level 1.6 Ice Magic
 + Level 1.6 Air Magic
 + Level 1.6 Earth Magic
 + Level 1.6 Poison Magic
 + Level 2.2 Invocations
 + Level 6.8 Evocations


You had 9 spell levels left.
You didn't know any spells.

Dungeon Overview and Level Annotations

Branches:
Dungeon (4/15)
 Temple: D:4-7

Altars:

Annotations:
D:3 Gunter174's ghost, amateur GrEE
D:4 Faustar's ghost, novice GrGl


Innate Abilities, Weirdness & Mutations

Your experience applies equally to all skills.
You have very sharp teeth.
Your uncanny sense of smell can sniff out nearby items.


Message History

Your Long Blades skill increases to level 2!
Your Axes skill increases to level 2!
Your Maces & Flails skill increases to level 2!
Your Polearms skill increases to level 2!
Your Staves skill increases to level 2!
Your Slings skill increases to level 2!
Your Bows skill increases to level 2!
Your Crossbows skill increases to level 2!
Your Throwing skill increases to level 2!
Your Armour skill increases to level 2!
Your Dodging skill increases to level 5!
Your Stealth skill increases to level 3!
Your Shields skill increases to level 2!
Your Unarmed Combat skill increases to level 2!
Your Spellcasting skill increases to level 2!
Your Invocations skill increases to level 2!
Things that are here:
a falchion of protection; a leather armour
There is a stone staircase leading up here.
Faustar's ghost hits you!
You die...

#.# #.# #.# #.# #.#
. #.# ####...
########.##.......
#.......)W@......#
#.##...#.##......#
#........# ......#
#..#.#.### ......# #
#....#.# ......#
#.#.####.# ......#
#.....##.# ......+
#.###....###.......#
#.#.........#


You could see Faustar's ghost.

Vanquished Creatures
  Eustachio (D:4)
  A scorpion (D:3)
  A worker ant (D:4)
  4 gnolls
  4 adders
  A worm (D:2)
  3 dart slugs
  3 leopard geckos
  6 orcs (D:3)
  5 bats
  3 giant cockroaches
  6 goblins
  7 hobgoblins
  9 jackals
  A quokka (D:2)
  A ball python (D:1)
  A frilled lizard (D:3)
  9 kobolds
  8 rats
74 creatures vanquished.

Notes
Turn   | Place    | Note
-------+----------+-------------------------------------------
     0 | D:1      | Rrauwl the Gnoll Artificer began the quest for the Orb.
     0 | D:1      | Reached XP level 1. HP: 17/17 MP: 4/4
    88 | D:1      | Reached XP level 2. HP: 20/23 MP: 6/6
   371 | D:1      | Reached XP level 3. HP: 18/28 MP: 7/7
   900 | D:2      | Reached skill level 1 in Invocations
   956 | D:2      | Reached skill level 1 in Long Blades
   956 | D:2      | Reached skill level 1 in Axes
   956 | D:2      | Reached skill level 1 in Maces & Flails
   956 | D:2      | Reached skill level 1 in Polearms
   956 | D:2      | Reached skill level 1 in Staves
   956 | D:2      | Reached skill level 1 in Slings
   956 | D:2      | Reached skill level 1 in Bows
   956 | D:2      | Reached skill level 1 in Crossbows
   956 | D:2      | Reached skill level 1 in Throwing
   956 | D:2      | Reached skill level 1 in Armour
   956 | D:2      | Reached skill level 1 in Shields
   956 | D:2      | Reached skill level 1 in Unarmed Combat
   956 | D:2      | Reached skill level 1 in Spellcasting
  1060 | D:2      | Reached XP level 4. HP: 34/34 MP: 8/8
  1521 | D:3      | Reached skill level 1 in Conjurations
  1521 | D:3      | Reached skill level 1 in Hexes
  1521 | D:3      | Reached skill level 1 in Charms
  1521 | D:3      | Reached skill level 1 in Summonings
  1521 | D:3      | Reached skill level 1 in Necromancy
  1521 | D:3      | Reached skill level 1 in Translocations
  1521 | D:3      | Reached skill level 1 in Transmutations
  1521 | D:3      | Reached skill level 1 in Fire Magic
  1521 | D:3      | Reached skill level 1 in Ice Magic
  1521 | D:3      | Reached skill level 1 in Air Magic
  1521 | D:3      | Reached skill level 1 in Earth Magic
  1521 | D:3      | Reached skill level 1 in Poison Magic
  1534 | D:3      | Reached XP level 5. HP: 35/40 MP: 9/9
  1645 | D:3      | Noticed Gunter174's ghost (amateur GrEE)
  1980 | D:4      | Noticed Eustachio
  2027 | D:4      | Reached XP level 6. HP: 9/47 MP: 11/11
  2049 | D:4      | Noticed Faustar's ghost (novice GrGl)
  2058 | D:4      | Killed Eustachio
  2058 | D:4      | Reached skill level 5 in Dodging
  2070 | D:4      | Slain by Faustar's ghost

Skill      XL: |  1  2  3  4  5  6 |
---------------+-------------------+-----
Invocations    | 1 2 |  2.2
Long Blades    | 1 2 |  2.0
Axes           | 1 2 |  2.0
Maces & Flails | 1 2 |  2.0
Polearms       | 1 2 |  2.0
Staves         | 1 2 |  2.0
Slings         | 1 2 |  2.0
Bows           | 1 2 |  2.0
Crossbows      | 1 2 |  2.0
Throwing       | 1 2 |  2.0
Armour         | 1 2 |  2.0
Shields        | 1 2 |  2.0
Unarmed Combat | 1 2 |  2.0
Spellcasting   | 1 2 |  2.0
Conjurations   | 1 |  1.6
Hexes          | 1 |  1.6
Charms         | 1 |  1.6
Summonings     | 1 |  1.6
Necromancy     | 1 |  1.6
Translocations | 1 |  1.6
Transmutations | 1 |  1.6
Fire Magic     | 1 |  1.6
Ice Magic      | 1 |  1.6
Air Magic      | 1 |  1.6
Earth Magic    | 1 |  1.6
Poison Magic   | 1 |  1.6
Fighting       | 3 |  3.3
Short Blades   | 3 |  3.3
Dodging        | 5 |  5.0
Stealth        | 3 |  3.1
Evocations     | |  6.8

Action                   |  1- 3 |  4- 6 || total
-------------------------+-------+-------++-------
Melee: Short sword       |   115 |   138 ||   253
       Bite              |    14 |    11 ||    25
       Punch             |     2 |       ||     2
Evoke: Wand              |       |    11 ||    11
  Use: Potion            |     4 |     4 ||     8
       Scroll            |     4 |     3 ||     7
 Stab: Sleeping          |     2 |       ||     2
  Eat: Chunk             |     1 |     3 ||     4
Armor: Leather armour    |     3 |       ||     3
       Ring mail         |    23 |    53 ||    76
Dodge: Dodged            |    83 |   135 ||   218
